Eddie II, chaotic male orcish Barbarian $ ----- $ ---------------- |.... --------- $ |..............| |...| #|.......| --------- #...............| $ |....#####|.......|## ........| #|..............| |...| #-...$...?# |.+.....| #------.--------- -.-|- #|.......|# #...)....| $ ### #####oq ## |.......|# ###---.-|--- # $ # ---------# # #[## # ### ######### # # # # # ### )# # $ ## $ [ $ ### # # # -.-----.- $ # $ # # #####% # ? |...<...| # ### --------|----# $ $ |........ `###########` # |....>.......# |.......| #--------- * ##-...........| |.......| #|.......| $ |...........| |.......| #|.....<.| |...........| |.......| #-......^| |...........| --------- $ --.------ ------------- Eddie II the Bandit Experience level: 8 Strength: 18/01 Dexterity: 17 Constitution: 18 Intelligence: 7 Wisdom: 10 Charisma: 6 Health: 0(75) Energy: 16(16) Def: 3 Gold: 0 Moves: 6201 Dungeon seed: oFjLbZgObfa3Disq Game ID: Eddie II_1530353976 Your Inventory: Weapons a - a blessed rusty +0 battle-axe (weapon in hands) b - a +0 orcish short sword (alternate weapon; not wielded) h - 2 +0 daggers named +0- o - 2 poisoned +0 orcish arrows t - a +1 dagger named +1 D - 3 +0 daggers N - a +0 elven dagger T - 22 +0 darts (in quiver) U - a cursed -1 dart Armor e - an uncursed rusty +0 orcish ring mail (being worn) n - an uncursed +0 pair of iron shoes (being worn) q - an uncursed +0 dwarvish cloak (being worn) r - an uncursed +0 orcish helm z - a cursed +0 orcish helm Comestibles c - an uncursed partly eaten food ration s - an uncursed tin of fox meat Wands u - a wand of speed monster (0:3) H - a wand of create monster (0:11) K - a wand of polymorph (0:3) L - a wand of digging (0:4) O - a wand of teleportation (0:2) Q - a wand of digging (0:6) S - a wand of create monster (0:12) Y - a wand of create monster (0:12) Z - a wand of magic missile (0:3) Tools d - a +0 unicorn horn k - a blessed oil lamp (0:923) l - an uncursed skeleton key F - an uncursed bag of holding Contents of the bag of holding: 4005 gold pieces an uncursed clove of garlic an uncursed eucalyptus leaf 12 uncursed food rations 2 uncursed fortune cookies an uncursed melon an uncursed orange 3 uncursed pancakes an uncursed tripe ration a cursed scroll of confuse monster a blessed scroll of create monster an uncursed scroll of create monster a blessed scroll of earth an uncursed scroll of earth a cursed scroll of gold detection 2 uncursed scrolls of identify an uncursed scroll of remove curse an uncursed scroll of stinking cloud a cursed ring of conflict an uncursed +3 ring of gain constitution an uncursed ring of poison resistance a cursed ring of polymorph a cursed ring of teleport control an uncursed ring of warning an uncursed credit card a magic marker (0:32) a +0 pick-axe 13 uncursed tallow candles (0:200) a cursed tallow candle (0:200) 7 uncursed wax candles (0:400) an uncursed worthless piece of orange glass 2 uncursed worthless pieces of white glass Spells and supernatural/magical abilities: Name Level Category Fail Memory W - pray for help -- divine ? -- Your skills at the end: Fighting Skills bare handed combat [Basic] Weapon Skills axe [Basic] short sword [Basic] Spellcasting Skills Final Attributes: You were piously aligned. You were fire resistant. You were poison resistant. You were telepathic. You had infravision. You were fast. You were lucky. You are dead. Vanquished creatures: 2 giant mimics a small mimic a human mummy a giant beetle a quivering blob a wolf 4 gnome kings 2 orc mummies 2 gold golems a dwarf lord a blue jelly a gray unicorn a gnome mummy a human zombie a rope golem 5 bugbears an Uruk-hai an orc shaman a rock piercer a rock mole 7 gnome lords 4 gnomish wizards a black naga hatchling a golden naga hatchling a ghoul a straw golem 5 giant ants a little dog 3 floating eyes 7 dwarves a homunculus 3 kobold lords a rabid rat a centipede a giant bat a monkey 5 dwarf zombies 2 wererats a werejackal 6 iguanas 2 acid blobs 2 coyotes 5 hobbits 4 large kobolds 2 hobgoblins 3 giant rats 6 cave spiders a yellow mold a red mold 22 gnomes 2 geckos 10 jackals 3 foxes 5 kobolds 4 goblins 6 sewer rats 4 grid bugs 2 bats 3 lichens 2 kobold zombies 2 newts 174 creatures vanquished. Genocided species: disenchanters 1 species genocided. Voluntary challenges: You used a wielded weapon 251 times, starting on turn 87. You were illiterate. You genocided 1 type of monster, starting on turn 3035. You never polymorphed an object. You never changed form. You used no wishes. You never split a pudding. You never wrote Elbereth's name. You violated your moral code, losing 19 points of alignment, starting on turn 5094. Dungeon overview: The Dungeons of Doom: levels 1 to 10 Level 1 a long staircase Level 2 a fountain stairs to The Gnomish Mines Level 3 Level 4 a general store Level 5 a fountain Level 6 Level 7 some fountains Level 8 Level 9 <- You were here stairs to Sokoban Level 10 a sink The Gnomish Mines: levels 3 to 5 Level 3 stairs to The Dungeons of Doom Level 4 Level 5 many shops, a temple to Mitra, some fountains Sokoban: levels 5 to 8 Level 5 Level 6 Level 7 Level 8 stairs to The Dungeons of Doom History has recorded: On T:1 you entered the Dungeons of Doom to retrieve the Amulet of Yendor! On T:21 you reached level 2 of The Dungeons of Doom. On T:155 you reached level 1 of The Gnomish Mines. On T:160 you advanced to experience level 2. On T:222 you advanced to experience level 3. On T:293 you advanced to experience level 4. On T:316 you reached level 2 of The Gnomish Mines. On T:477 you advanced to experience level 5. On T:687 you reached level 3 of The Gnomish Mines. On T:901 you advanced to experience level 6. On T:1566 you reached level 3 of The Dungeons of Doom. On T:1674 you reached level 4 of The Dungeons of Doom. On T:1724 you reached level 5 of The Dungeons of Doom. On T:2255 you reached level 7 of The Dungeons of Doom. On T:2273 you reached level 6 of The Dungeons of Doom. On T:2977 you advanced to experience level 7. On T:3432 you reached level 8 of The Dungeons of Doom. On T:3473 you reached level 9 of The Dungeons of Doom. On T:3647 you reached level 4 of Sokoban. On T:3915 you reached level 3 of Sokoban. On T:4490 you reached level 2 of Sokoban. On T:4815 you reached level 1 of Sokoban. On T:4994 you advanced to experience level 8. On T:6077 you reached level 10 of The Dungeons of Doom. Score breakdown: Gold: 4005 (12255 points) Experience: 8 levels (14739 points) Exploration: 10 levels ( 20.83%) (13127 points) Discoveries: 16 items ( 6.50%) ( 7650 points) Valuables value: (no points given unless you survive) Artifact value: 0 ( 0 points) Variety of kills: 61 monsters ( 16.01%) (12003 points) Turncount: 6201 turns (-1672 points) Survival: died (score multiplied by 80%) Total score: 46481 Latest messages: You feel wise! Interesting... Interesting... You feel much better. You hear a jackal howling at the moon. You feel much better. You hear a jackal howling at the moon. The leocrotta hits! The leocrotta bites! The leocrotta hits! (2x) The leocrotta bites! The leocrotta hits! (2x) The leocrotta bites! You die... Final status: Goodbye Eddie II the Barbarian, killed by a leocrotta... You died in The Dungeons of Doom on dungeon level 9 with 46481 points, and 4005 pieces of gold, after 6201 moves. You were level 8 with a maximum of 75 hit points when you died.